Map: King Sejong Station LE

Players

테란

  • Race: Zerg Zerg
  • League: Diamond

A.I. 1 (Very Easy) - Winner!

  • Race: Protoss Protoss

VOD

Have the link to the VOD?

Description

Time

  • Played on: July 28, 2016, 1:09 p.m.
  • Length: 6:41
Show
View Real Time Build Order
Export as new Build Order

테란 Zerg 

Build Orders: Hatch First 

Get SALT Encoding   

  12  0:01  Drone  
  13  0:12  Overlord  
  13  0:17  Drone  
  14  0:31  Drone x2  
  14  0:35  Drone  
  17  0:53  Hatchery  
  17  0:56  Drone  
  17  0:59  Drone  
  17  1:02  Extractor  
  17  1:15  Spawning Pool  
  17  1:18  Drone  
  17  1:21  Drone  
  18  1:28  Drone  
  19  1:39  Overlord  
  19  1:49  Drone  
  20  2:02  Queen  
  20  2:03  Metabolic Boost  
  20  2:05  Queen  
  20  2:07  Drone  
  25  2:10  Drone  
  25  2:15  Drone  
  27  2:19  Drone  
  28  2:30  Baneling Nest, Drone  
  28  2:31  Drone  
  28  2:33  Drone  
  30  2:39  Drone  
  31  2:50  Hatchery  
  30  2:53  Overlord  
  30  2:57  Zergling x4  
  32  3:00  Zergling x2  
  33  3:06  Queen  
  35  3:16  Drone x4  
  35  3:18  Baneling x2  
  39  3:21  Drone  
  39  3:22  Drone x2  
  39  3:25  Extractor  
  41  3:37  Roach Warren, Drone x3  
  43  3:42  Overlord  
  43  3:51  Drone  
  43  3:53  Overlord  
  44  3:58  Extractor  
  44  4:02  Drone x4  
  47  4:03  Overlord x2  
  47  4:08  Overlord  
  47  4:12  Drone  
  47  4:13  Drone x2  
  50  4:20  Drone  
  51  4:26  Roach  
  51  4:27  Roach x3  
  59  4:33  Roach x2  
  59  4:34  Roach  
  59  4:37  Roach  
  67  4:39  Roach  
  67  4:42  Roach  
  71  4:49  Roach x3  
  71  4:51  Roach  
  79  5:01  Drone  
  79  5:02  Drone x5  
  85  5:10  Drone  
  85  5:11  Drone x2  
  88  5:17  Lair  
  88  5:18  Drone  
  88  5:19  Evolution Chamber  
  88  5:23  Drone x2  
  88  5:25  Overlord x2  
  90  5:36  Overlord  
  90  5:44  Drone x7  
  90  5:45  Drone  
  95  6:04  Extractor  
  95  6:05  Extractor  
  95  6:08  Drone x4  
  98  6:11  Drone x3  
  98  6:14  Drone  
  98  6:15  Drone x3  
  98  6:16  Extractor  
  103  6:18  Drone  
  103  6:20  Hydralisk Den  
Show
View Real Time Build Order
Export as new Build Order

A.I. 1 (Very Easy) Protoss - Winner!

Build Orders:  

Get SALT Encoding   

  12  0:01  Probe (Chrono Boost)  
  13  0:11  Probe (Chrono Boost)  
  14  0:19  Pylon  
  14  0:36  Assimilator  
  14  0:42  Gateway  
  14  0:46  Pylon  
  14  1:12  Assimilator  
  14  1:27  Zealot  
  14  1:28  Probe (Chrono Boost)  
  17  1:34  Cybernetics Core  
  17  1:39  Probe (Chrono Boost)  
  18  1:50  Probe (Chrono Boost)  
  19  1:59  Warp Gate  
  19  2:01  Probe (Chrono Boost)  
  20  2:12  Probe (Chrono Boost)  
  22  2:23  Probe (Chrono Boost)  
  22  2:39  Stalker  
  24  5:48  Stalker  
  26  5:51  Pylon  
  26  6:00  Pylon  
  20  6:11  Cybernetics Core  
  20  6:17  Zealot  
Tags
 
Add a new tag
Caveats
  • Supply blocks, unpowered buildings, or Contaminate may cause inaccurate times.
  • Supply counts are checked every 10 seconds.